TOP OF THE 1ST |
Kenosha Kingfish batting - Pitching for Pensacola Pilots : RHP Markus Cummins
|
Pitching: RHP Markus Cummins
|
|
Batting: RHB Manuel Gómez
|
0-0: Ball 1-0: Ball 2-0: Called Strike 2-1: Ball 3-1: Called Strike 3-2: Base on Balls
|
Batting: SHB Alfonso Escasán
|
0-0: Ball Manuel Gómez steals 2nd base 1-0: Called Strike 1-1: Ground out 4-3 (Groundball, 4M) Manuel Gómez to third
|
Batting: LHB Miguel Flores
|
0-0: Ball 1-0: Ball 2-0: Foul Ball, location: 2F 2-1: Swinging Strike 2-2: Ball 3-2: Ground out U3 (Groundball, 3S)
|
Batting: RHB Francisco Martínez
|
0-0: Ball 1-0: 2-RUN HOME RUN (Flyball, 7D), Distance : 411 ft
|
Batting: LHB Richard Brooks
|
0-0: Swinging Strike 0-1: Ball 1-1: Called Strike 1-2: Ball 2-2: Foul Ball, location: 2F 2-2: Foul Ball, location: 2F 2-2: Ball 3-2: Base on Balls
|
Batting: RHB Matt Rodríguez
|
0-0: Called Strike 0-1: Foul Ball, location: 2F 0-2: Strikes out swinging
|
Top of the 1st over - 2 run(s), 1 hit(s), 0 error(s), 1 left on base; Kenosha 2 - Pensacola 0 |
BOTTOM OF THE 1ST |
Pensacola Pilots batting - Pitching for Kenosha Kingfish : RHP Matt Hoffman
|
Pitching: RHP Matt Hoffman
|
|
Batting: RHB Leopoldo Horgan
|
0-0: SOLO HOME RUN (Flyball, 78XD), Distance : 429 ft
|
Batting: RHB Julian Lee
|
0-0: Ball 1-0: Called Strike 1-1: Fly out, F8 (Flyball, 78M)
|
Batting: RHB José Velázquez
|
0-0: Swinging Strike 0-1: Foul Ball, location: 2F 0-2: Ball 1-2: Strikes out swinging
|
Batting: LHB Pedro Ramos
|
0-0: Ball 1-0: Ball 2-0: Ball 3-0: Base on Balls
|
Batting: RHB Jonny Lord
|
0-0: Called Strike 0-1: Foul Ball, location: 2F 0-2: Ball 1-2: Ball 2-2: Foul Ball, location: 2F 2-2: Foul Ball, location: 2F 2-2: Ball Pickoff Throw to First - Out!
|
Bottom of the 1st over - 1 run(s), 1 hit(s), 0 error(s), 0 left on base; Kenosha 2 - Pensacola 1 |
TOP OF THE 2ND |
Kenosha Kingfish batting - Pitching for Pensacola Pilots : RHP Markus Cummins
|
Batting: SHB Júlio Valentín
|
0-0: SINGLE (Line Drive, 7LS)
|
Batting: SHB Devin Smith
|
0-0: Swinging Strike 0-1: Ball 1-1: Ball 2-1: SINGLE (Flyball, 8LS) Júlio Valentín to second
|
Batting: RHB Sergio Mata
|
0-0: Ball 1-0: Called Strike 1-1: Foul Ball, location: 2F 1-2: Foul Ball, location: 2F 1-2: SINGLE (Groundball, 6MD) (infield hit) Júlio Valentín to third Devin Smith to second
|
Batting: RHB Manuel Gómez
|
0-0: Called Strike 0-1: Fly out, F6 (Popup, 6M)
|
Batting: SHB Alfonso Escasán
|
0-0: Ball 1-0: Ball 2-0: Called Strike 2-1: Ball 3-1: Foul Ball, location: 2F 3-2: SINGLE (Groundball, 13) (infield hit) Júlio Valentín scores Devin Smith to third Sergio Mata to second
|
Batting: LHB Miguel Flores
|
0-0: Ball 1-0: Called Strike 1-1: Foul Ball, location: 2F 1-2: Ball 2-2: Ball 3-2: Foul Ball, location: 2F 3-2: Foul Ball, location: 2F 3-2: Base on Balls Devin Smith scores Sergio Mata to third Alfonso Escasán to second
|
Batting: RHB Francisco Martínez
|
0-0: Called Strike 0-1: Ball 1-1: Ball 2-1: Ball 3-1: Foul Ball, location: 2F 3-2: Base on Balls Sergio Mata scores Alfonso Escasán to third Miguel Flores to second
|
Batting: LHB Richard Brooks
|
0-0: Called Strike 0-1: Ball 1-1: Called Strike 1-2: Ball 2-2: Ball 3-2: Foul Ball, location: 2F 3-2: SINGLE (Line Drive, 8LS) Alfonso Escasán scores Miguel Flores to third Francisco Martínez to second Runner from 3rd tries for Home, SAFE, no throw or cutoff
|
Batting: RHB Matt Rodríguez
|
0-0: Foul Ball, location: 2F 0-1: Fly out, F5 (Line Drive, 5)
|
Batting: SHB Júlio Valentín
|
0-0: Called Strike 0-1: Ball 1-1: Ball 2-1: Ball 3-1: Foul Ball, location: 2F 3-2: Base on Balls Francisco Martínez to third Richard Brooks to second
|
Batting: SHB Devin Smith
|
0-0: Swinging Strike 0-1: Foul Ball, location: 2F 0-2: Ball 1-2: Strikes out swinging
|
Top of the 2nd over - 5 run(s), 5 hit(s), 0 error(s), 3 left on base; Kenosha 7 - Pensacola 1 |
BOTTOM OF THE 2ND |
Pensacola Pilots batting - Pitching for Kenosha Kingfish : RHP Matt Hoffman
|
Batting: RHB Jonny Lord
|
0-0: Fly out, F3 (Popup, 3F)
|
Batting: RHB Peter Bishop
|
0-0: Ball 1-0: Called Strike 1-1: Swinging Strike 1-2: DOUBLE (Line Drive, 7LS)
|
Batting: RHB Gustavo Rodríguez
|
0-0: Ground out 5-3 (Groundball, 56)
|
Batting: LHB Nick Gamble
|
0-0: Ball 1-0: Ball 2-0: SINGLE (Groundball, 5D) Peter Bishop to third Runner from 3rd tries for Home, SAFE, no throw or cutoff
|
Batting: RHB Salvador Mendoza
|
0-0: Ball 1-0: Swinging Strike 1-1: Ball 2-1: Foul Ball, location: 2F 2-2: Ball 3-2: Foul Ball, location: 2F 3-2: Foul Ball, location: 2F 3-2: Foul Ball, location: 2F 3-2: Strikes out swinging
|
Bottom of the 2nd over - 1 run(s), 2 hit(s), 0 error(s), 1 left on base; Kenosha 7 - Pensacola 2 |
TOP OF THE 3RD |
Kenosha Kingfish batting - Pitching for Pensacola Pilots : RHP Markus Cummins
|
Batting: RHB Sergio Mata
|
0-0: Foul Ball, location: 2F 0-1: Ball 1-1: Foul Ball, location: 2F 1-2: Foul Ball, location: 2F 1-2: Foul Ball, location: 2F 1-2: Ball 2-2: Foul Ball, location: 2F 2-2: Fly out, F4 (Popup, 3D)
|
Batting: RHB Manuel Gómez
|
0-0: Called Strike 0-1: Fly out, F4 (Popup, 4D)
|
Batting: SHB Alfonso Escasán
|
0-0: Called Strike 0-1: Swinging Strike 0-2: SINGLE (Line Drive, 9S)
|
Batting: LHB Miguel Flores
|
0-0: Foul Ball, location: 2F 0-1: Ball 1-1: Ball 2-1: Ball 3-1: Swinging Strike 3-2: Foul Ball, location: 2F 3-2: Base on Balls Alfonso Escasán to second
|
Batting: RHB Francisco Martínez
|
0-0: Ground out 4-3 (Groundball, 4)
|
Top of the 3rd over - 0 run(s), 1 hit(s), 0 error(s), 2 left on base; Kenosha 7 - Pensacola 2 |
BOTTOM OF THE 3RD |
Pensacola Pilots batting - Pitching for Kenosha Kingfish : RHP Matt Hoffman
|
Batting: RHB Leopoldo Horgan
|
0-0: Foul Ball, location: 2F 0-1: Ground out 5-3 (Groundball, 56)
|
Batting: RHB Julian Lee
|
0-0: Called Strike 0-1: Ball 1-1: Bunt missed! 1-2: Fly out, F8 (Flyball, 89D)
|
Batting: RHB José Velázquez
|
0-0: Called Strike 0-1: Hit by Pitch
|
Batting: LHB Pedro Ramos
|
0-0: Ball 1-0: Fly out, F7 (Flyball, 78M)
|
Bottom of the 3rd over - 0 run(s), 0 hit(s), 0 error(s), 1 left on base; Kenosha 7 - Pensacola 2 |
TOP OF THE 4TH |
Kenosha Kingfish batting - Pitching for Pensacola Pilots : RHP Markus Cummins
|
Batting: LHB Richard Brooks
|
0-0: Hit by Pitch
|
Pitching: LHP Júlio Guzmán
|
|
Batting: RHB Matt Rodríguez
|
0-0: Called Strike 0-1: DOUBLE (Line Drive, 9LS) Richard Brooks to third
|
Batting: SHB Júlio Valentín
|
0-0: Called Strike 0-1: Swinging Strike 0-2: Ball 1-2: Ground out 5-3 (Groundball, 5)
|
Batting: SHB Devin Smith
|
0-0: Swinging Strike 0-1: Ball 1-1: Swinging Strike 1-2: Foul Ball, location: 2F 1-2: Strikes out swinging
|
Batting: RHB Sergio Mata
|
0-0: Ground out 4-3 (Groundball, 4)
|
Top of the 4th over - 0 run(s), 1 hit(s), 0 error(s), 2 left on base; Kenosha 7 - Pensacola 2 |
BOTTOM OF THE 4TH |
Pensacola Pilots batting - Pitching for Kenosha Kingfish : RHP Matt Hoffman
|
Batting: RHB Jonny Lord
|
0-0: Foul Ball, location: 2F 0-1: Ground out 6-3 (Groundball, 6)
|
Batting: RHB Peter Bishop
|
0-0: Foul Ball, location: 2F 0-1: SINGLE (Line Drive, 8LS)
|
Batting: RHB Gustavo Rodríguez
|
0-0: Ball 1-0: Called Strike 1-1: Fly out, F7 (Flyball, 78S)
|
Batting: LHB Nick Gamble
|
0-0: Ball Peter Bishop steals 2nd base 1-0: Called Strike 1-1: Ball 2-1: Fly out, F8 (Flyball, 8RM)
|
Bottom of the 4th over - 0 run(s), 1 hit(s), 0 error(s), 1 left on base; Kenosha 7 - Pensacola 2 |
TOP OF THE 5TH |
Kenosha Kingfish batting - Pitching for Pensacola Pilots : LHP Júlio Guzmán
|
Batting: RHB Manuel Gómez
|
0-0: Called Strike 0-1: Ball 1-1: Ground out 1-3 (Groundball, 15)
|
Batting: SHB Alfonso Escasán
|
0-0: Called Strike 0-1: Ground out 2-3 (Groundball, 2R)
|
Batting: LHB Miguel Flores
|
0-0: Ball 1-0: Called Strike 1-1: Ball 2-1: Foul Ball, location: 2F 2-2: Ball 3-2: Foul Ball, location: 2F 3-2: Foul Ball, location: 2F 3-2: Base on Balls
|
Batting: RHB Francisco Martínez
|
0-0: Ground out U3 (Groundball, 3S)
|
Top of the 5th over - 0 run(s), 0 hit(s), 0 error(s), 1 left on base; Kenosha 7 - Pensacola 2 |
BOTTOM OF THE 5TH |
Pensacola Pilots batting - Pitching for Kenosha Kingfish : RHP Matt Hoffman
|
Batting: RHB Salvador Mendoza
|
0-0: Ball 1-0: SINGLE (Groundball, 56D)
|
Batting: RHB Leopoldo Horgan
|
0-0: Foul Ball, location: 2F 0-1: Called Strike 0-2: Ball 1-2: Fielders Choice at 2nd, 6-4 (Groundball, 6)
|
Batting: RHB Julian Lee
|
0-0: Ball 1-0: SINGLE (Flyball, 7S) Leopoldo Horgan to second
|
Batting: RHB José Velázquez
|
0-0: Ball 1-0: Ball 2-0: Foul Ball, location: 2F 2-1: Grounds into double play, 4-6-3 (Groundball, 4)
|
Bottom of the 5th over - 0 run(s), 2 hit(s), 0 error(s), 1 left on base; Kenosha 7 - Pensacola 2 |
TOP OF THE 6TH |
Kenosha Kingfish batting - Pitching for Pensacola Pilots : LHP Júlio Guzmán
|
Batting: LHB Richard Brooks
|
0-0: Foul Ball, location: 2F 0-1: Called Strike 0-2: Ball 1-2: Ground out 4-3 (Groundball, 4)
|
Batting: RHB Matt Rodríguez
|
0-0: Ball 1-0: Ball 2-0: Called Strike 2-1: SINGLE (Line Drive, 89S)
|
Batting: SHB Júlio Valentín
|
0-0: Called Strike 0-1: Ball 1-1: Foul Ball, location: 2F 1-2: Strikes out swinging
|
Batting: SHB Devin Smith
|
0-0: Ball 1-0: Ball 2-0: Ball 3-0: Base on Balls Matt Rodríguez to second
|
Batting: RHB Sergio Mata
|
0-0: Swinging Strike Passed Ball! Matt Rodríguez to third Devin Smith to second 0-1: Ground out 1-3 (Groundball, 15S)
|
Top of the 6th over - 0 run(s), 1 hit(s), 0 error(s), 2 left on base; Kenosha 7 - Pensacola 2 |
BOTTOM OF THE 6TH |
Pensacola Pilots batting - Pitching for Kenosha Kingfish : RHP Matt Hoffman
|
Batting: LHB Pedro Ramos
|
0-0: Fly out, F8 (Flyball, 8LS)
|
Batting: RHB Jonny Lord
|
0-0: Ball 1-0: Called Strike 1-1: Ball 2-1: DOUBLE (Groundball, 3L)
|
Batting: RHB Peter Bishop
|
0-0: Ball 1-0: Called Strike 1-1: Fly out, F7 (Flyball, 7LM)
|
Batting: RHB Gustavo Rodríguez
|
0-0: Ball 1-0: Ball 2-0: Ball 3-0: Called Strike 3-1: Foul Ball, location: 2F 3-2: Ground out 6-3 (Groundball, 6)
|
Bottom of the 6th over - 0 run(s), 1 hit(s), 0 error(s), 1 left on base; Kenosha 7 - Pensacola 2 |
TOP OF THE 7TH |
Kenosha Kingfish batting - Pitching for Pensacola Pilots : LHP Júlio Guzmán
|
Batting: RHB Manuel Gómez
|
0-0: Ball 1-0: Called Strike 1-1: Ball 2-1: Reached on error, E5 (Groundball, 5)
|
Batting: SHB Alfonso Escasán
|
0-0: Called Strike Manuel Gómez steals 3rd base 0-1: Ball 1-1: Ball 2-1: Ball 3-1: Swinging Strike 3-2: Base on Balls
|
Batting: LHB Miguel Flores
|
0-0: Ball 1-0: Fly out, F5 (Popup, 5SF)
|
Batting: RHB Francisco Martínez
|
0-0: Fly out, F9 (Popup, 9S)
|
Batting: LHB Richard Brooks
|
0-0: Ball Wild Pitch! Manuel Gómez scores Alfonso Escasán to second 1-0: SINGLE (Groundball, 56D) Alfonso Escasán to third
|
Batting: RHB Matt Rodríguez
|
0-0: Ball 1-0: Called Strike 1-1: Called Strike 1-2: Fly out, F8 (Flyball, 8RM)
|
Top of the 7th over - 1 run(s), 1 hit(s), 1 error(s), 2 left on base; Kenosha 8 - Pensacola 2 |
BOTTOM OF THE 7TH |
Pensacola Pilots batting - Pitching for Kenosha Kingfish : RHP Matt Hoffman
|
Batting: LHB Nick Gamble
|
0-0: Ball 1-0: Fly out, F6 (Popup, 6D)
|
Pitching: RHP Jorge Chávez
|
|
Batting: RHB Salvador Mendoza
|
0-0: Ground out 6-3 (Groundball, 6D)
|
Batting: RHB Leopoldo Horgan
|
0-0: Ball 1-0: Ball 2-0: Fly out, F7 (Flyball, 7LMF)
|
Bottom of the 7th over - 0 run(s), 0 hit(s), 0 error(s), 0 left on base; Kenosha 8 - Pensacola 2 |
TOP OF THE 8TH |
Kenosha Kingfish batting - Pitching for Pensacola Pilots : LHP Júlio Guzmán
|
Batting: SHB Júlio Valentín
|
0-0: Ball 1-0: Called Strike 1-1: Ball 2-1: Fly out, F4 (Popup, 4M)
|
Batting: SHB Devin Smith
|
0-0: Foul Ball, location: 2F 0-1: Swinging Strike 0-2: Ball 1-2: Ball 2-2: Ball 3-2: Base on Balls
|
Batting: RHB Sergio Mata
|
0-0: Ball 1-0: Ball 2-0: Called Strike 2-1: Called Strike 2-2: Fly out, F7 (Line Drive, 78M)
|
Batting: RHB Manuel Gómez
|
0-0: Ball Balk! Devin Smith to second 1-0: Ball 2-0: Fly out, F8 (Line Drive, 6MD)
|
Top of the 8th over - 0 run(s), 0 hit(s), 0 error(s), 1 left on base; Kenosha 8 - Pensacola 2 |
BOTTOM OF THE 8TH |
Pensacola Pilots batting - Pitching for Kenosha Kingfish : RHP Jorge Chávez
|
Batting: RHB Julian Lee
|
0-0: Foul Ball, location: 2F 0-1: Ball 1-1: Called Strike 1-2: Ball 2-2: Ball 3-2: Foul Ball, location: 2F 3-2: Foul Ball, location: 2F 3-2: SINGLE (Line Drive, 6MD)
|
Batting: RHB José Velázquez
|
0-0: Called Strike 0-1: Ball 1-1: Grounds into double play, 4-6-3 (Groundball, 4)
|
Batting: LHB Pedro Ramos
|
0-0: Ball 1-0: Foul Ball, location: 2F 1-1: Ball 2-1: Ball 3-1: Swinging Strike 3-2: Strikes out looking
|
Bottom of the 8th over - 0 run(s), 1 hit(s), 0 error(s), 0 left on base; Kenosha 8 - Pensacola 2 |
TOP OF THE 9TH |
Kenosha Kingfish batting - Pitching for Pensacola Pilots : LHP Júlio Guzmán
|
Batting: SHB Alfonso Escasán
|
0-0: SINGLE (Groundball, 34D)
|
Batting: LHB Miguel Flores
|
0-0: Called Strike 0-1: Ball 1-1: DOUBLE (Line Drive, 89M) Alfonso Escasán to third
|
Batting: RHB Francisco Martínez
|
0-0: Foul Ball, location: 2F 0-1: Foul Ball, location: 2F 0-2: Ball 1-2: DOUBLE (Flyball, 78XD) Alfonso Escasán scores Miguel Flores scores
|
Batting: LHB Richard Brooks
|
0-0: Called Strike 0-1: SINGLE (Popup, 4) Francisco Martínez to third
|
Batting: RHB Matt Rodríguez
|
|
Pinch Hitting: RHB Esteban Ayala
|
0-0: Ball 1-0: Ball 2-0: SINGLE (Groundball, 5L) Francisco Martínez scores Richard Brooks to second
|
Batting: SHB Júlio Valentín
|
0-0: Ball 1-0: Called Strike Balk! Richard Brooks to third Esteban Ayala to second 1-1: Called Strike 1-2: Ball 2-2: Ball 3-2: Base on Balls
|
Batting: SHB Devin Smith
|
0-0: Called Strike 0-1: Ball 1-1: SINGLE (Line Drive, 34) Richard Brooks scores Esteban Ayala to third Júlio Valentín to second
|
Pitching: RHP Tony Flores
|
|
Batting: RHB Sergio Mata
|
0-0: Called Strike 0-1: Ball 1-1: Foul Ball, location: 2F 1-2: Ball 2-2: Foul Ball, location: 2F 2-2: Fly out, F4 (Popup, 4)
|
Batting: RHB Manuel Gómez
|
0-0: Ball 1-0: Ball 2-0: Called Strike 2-1: Called Strike 2-2: Ball 3-2: Base on Balls Esteban Ayala scores Júlio Valentín to third Devin Smith to second
|
Batting: SHB Alfonso Escasán
|
0-0: Ball 1-0: Called Strike 1-1: SINGLE (Line Drive, 78S) Júlio Valentín scores Devin Smith to third Manuel Gómez to second Runner from 3rd tries for Home, SAFE, throw made at trailing runner, SAFE at third!
|
Batting: LHB Miguel Flores
|
0-0: Ball 1-0: Ball 2-0: Ball 3-0: Base on Balls Alfonso Escasán to second
|
Batting: RHB Francisco Martínez
|
0-0: SINGLE (Line Drive, 9LS) Manuel Gómez scores Alfonso Escasán to third Miguel Flores to second
|
Batting: LHB Richard Brooks
|
0-0: Ball 1-0: Ball 2-0: Ball 3-0: Called Strike 3-1: Base on Balls Alfonso Escasán scores Miguel Flores to third Francisco Martínez to second
|
Batting: RHB Esteban Ayala
|
0-0: Fly out, F7 (Flyball, 78M) Runner from 3rd tags up, SCORES, no throw
|
Batting: SHB Júlio Valentín
|
0-0: Called Strike 0-1: Foul Ball, location: 2F 0-2: Ball 1-2: Fly out, F5 (Popup, 5)
|
Top of the 9th over - 10 run(s), 8 hit(s), 0 error(s), 2 left on base; Kenosha 18 - Pensacola 2 |
BOTTOM OF THE 9TH |
Pensacola Pilots batting - Pitching for Kenosha Kingfish : RHP Jorge Chávez
|
Now in LF: Esteban Ayala
|
|
Batting: RHB Jonny Lord
|
0-0: Ball 1-0: SINGLE (Line Drive, 9S)
|
Batting: RHB Peter Bishop
|
0-0: Fly out, F9 (Flyball, 9LD)
|
Batting: RHB Gustavo Rodríguez
|
0-0: Called Strike 0-1: Ball Wild Pitch! Jonny Lord to second 1-1: Ground out 5-3 (Groundball, 5S) Jonny Lord to third
|
Batting: LHB Nick Gamble
|
0-0: Ball 1-0: Ball 2-0: Fly out, F7 (Line Drive, 78M)
|
Bottom of the 9th over - 0 run(s), 1 hit(s), 0 error(s), 1 left on base; Kenosha 18 - Pensacola 2 |
|